 Seeded DCSS version 0.29.1-15-g9cfb28693d (webtiles) character file.

Game seed: 5297477676520237703 (custom seed)

279 GigaChad the Covered (level 6, -10/53 HPs)
             Began as a Minotaur Fighter on Mar 10, 2023.
             Was an Initiate of the Shining One.
             Mangled by a gargoyle
             ... wielding a +0 dire flail
              (17 damage)
             ... on level 5 of the Dungeon.
             The game lasted 00:05:28 (3984 turns).

GigaChad the Covered (Minotaur Fighter)             Turns: 3984, Time: 00:05:36

Health: -10/53     AC: 13    Str: 29    XL:     6   Next: 5%
Magic:  5/5        EV:  7    Int:  5    God:    the Shining One [......]
Gold:   202        SH:  4    Dex:  9    Spells: 5/5 levels left

rFire   . . .      SeeInvis .   a - +0 war axe
rCold   . . .      Faith    .   c - +0 buckler
rNeg    . . .      Spirit   .   i - +0 plate armour
rPois   .          Reflect  .   (helmet restricted)
rElec   .          Harm     .   q - +0 cloak
rCorr   .          Rampage  .   (no gloves)
Will    .....                   (no boots)
Stlth   ..........              (no amulet)
HPRegen 0.17/turn               m - +6 ring of strength
MPRegen 0.09/turn               (no ring)

@: glowing
A: horns 2, retaliatory headbutt
a: Renounce Religion


You were on level 5 of the Dungeon.
You worshipped the Shining One.
The Shining One was noncommittal.
You visited 1 branch of the dungeon, and saw 5 of its levels.

You collected 202 gold pieces.

Inventory:

Hand Weapons
 a - a +0 war axe (weapon)
 j - a +0 bardiche
Missiles
 y - 4 javelins (quivered)
 z - 4 poisoned darts
Armour
 b - a +0 scale mail
 c - a +0 buckler (worn)
 i - a +0 plate armour (worn)
 p - a +2 chain mail of cold resistance
 q - a +0 cloak (worn)
Jewellery
 k - an amulet of magic regeneration
 m - a +6 ring of strength (left hand)
 t - a ring of flight
Wands
 v - a wand of charming (4)
Scrolls
 e - a scroll of vulnerability
 g - a scroll of fear
 h - 3 scrolls of teleportation
 l - 2 scrolls of immolation
 s - a scroll of enchant armour {unknown}
 u - a scroll of amnesia {unknown}
 w - 2 scrolls of acquirement {unknown}
 A - a scroll of identify
 B - a scroll of magic mapping {unknown}
 C - a scroll of summoning {unknown}
Potions
 d - a potion of might
 f - 2 potions of resistance
 n - 3 potions of magic {unknown}
 o - 2 potions of brilliance {unknown}
 r - a potion of attraction {unknown}
 x - a potion of flight {unknown}


   Skills:
 + Level 4.5 Fighting
 + Level 5.2 Axes
 + Level 5.3 Armour
 + Level 0.8 Dodging
 + Level 4.4 Shields


You had 5 spell levels left.
You didn't know any spells.
Your spell library was empty.

Dungeon Overview and Level Annotations

Branches:
Dungeon (5/15)
 Temple: D:4-7

Altars:
Fedhas
The Shining One

Annotations:
D:3 2 transporters, UCchamp's ghost, amateur MeFi


Innate Abilities, Weirdness & Mutations

You have a pair of horns on your head.
You reflexively headbutt those who attack you in melee.


Message History

You hit the worm. You headbutt the worm!
The worm is almost dead.
You block the worm's attack.
You hit the worm.
The worm is almost dead.
The worm bites you but does no damage.
You slash the worm!
You kill the worm!
You see here a worm corpse.
You now have 202 gold pieces (gained 11).
You see here a worm corpse.
Found a stone staircase leading up.
Done exploring.
Done exploring.
Done exploring.
There is a stone staircase leading down here.
You climb downwards.
There is a stone staircase leading up here.
C - a scroll labelled PESOICW LEOPU A gargoyle comes into view.
It is wielding a +0 dire flail.
The gargoyle hits you but does no damage.
You slash the gargoyle!
You headbutt the gargoyle, but do no damage.
The gargoyle is heavily damaged.
The gargoyle hits you but does no damage.
You hit the gargoyle.
The gargoyle is severely damaged.
The gargoyle hurls a stone arrow at you.
The stone arrow hits you!!
You hit the gargoyle but do no damage.
The gargoyle is severely damaged.
The gargoyle hurls a stone arrow at you.
The stone arrow misses you.
You hit the gargoyle but do no damage.
You headbutt the gargoyle, but do no damage.
The gargoyle is heavily damaged.
The gargoyle hits you with a +0 dire flail!!
* * * LOW HITPOINT WARNING * * *
The gargoyle hits you with a +0 dire flail!
You die...

#.# #.# #.###
#...# ###.# #.#
#.#
#.#############.#
#.........@9....#
###############.#


You could see a gargoyle.

Vanquished Creatures
  2 scorpions (D:4)
  Ijyb (D:3)
  5 adders
  An ufetubus (D:4)
  A worm (D:4)
  9 orcs
  5 endoplasms
  5 giant cockroaches
  8 goblins
  8 hobgoblins
  3 jackals (D:4)
  2 quokkas
  4 ball pythons
  3 bats
  A frilled lizard (D:2)
  5 kobolds
  2 rats
65 creatures vanquished.

Notes
Turn   | Place    | Note
-------+----------+-------------------------------------------
     0 | D:1      | GigaChad the Minotaur Fighter began the quest for the Orb.
     0 | D:1      | Reached XP level 1. HP: 19/19 MP: 0/0
   535 | D:1      | Reached XP level 2. HP: 22/27 MP: 1/1
  1397 | D:2      | Reached XP level 3. HP: 18/33 MP: 2/2
  2327 | D:3      | Found a transporter.
  2337 | D:3      | Noticed UCchamp's ghost (amateur MeFi)
  2343 | D:3      | Found a transporter.
  2429 | D:3      | Found a glowing golden altar of the Shining One.
  2471 | D:3      | Became a worshipper of the Shining One
  2573 | D:3      | Noticed Ijyb
  2591 | D:3      | Killed Ijyb
  2592 | D:3      | Reached XP level 4. HP: 21/40 MP: 3/3
  3104 | D:4      | Noticed a scorpion
  3113 | D:4      | Killed a scorpion
  3114 | D:4      | Reached skill level 5 in Armour
  3114 | D:4      | Reached XP level 5. HP: 41/47 MP: 4/4
  3194 | D:4      | Found a blossoming altar of Fedhas.
  3588 | D:4      | Reached skill level 5 in Axes
  3596 | D:4      | Reached XP level 6. HP: 53/53 MP: 5/5
  3899 | D:5      | Entered Level 5 of the Dungeon
  3977 | D:5      | Noticed a gargoyle
  3984 | D:5      | Mangled by a gargoyle

Illustrated notes

Levels and vault maps discovered:
D:1:      eino_arrival_cavern_d, layout_loops_corners
D:2:      layout_basic, kennysheep_generic_room_4
D:3:      layout_loops_corners, tso_metal_star, gammafunk_ghost_abyssal_escape,
          uniq_ijyb
D:4:      layout_basic, marbit_many_paths, item_on_display_a
D:5:      layout_basic, nicolae_dithmenos_through_a_glass_darkly,
          old_standard_altar, minmay_temple_entry_mini_moons, uniq_duvessa,
          uniq_sigmund

Skill      XL: |  1  2  3  4  5 |
---------------+----------------+-----
Shields        | 4 |  4.4
Armour         | 4 5 |  5.3
Axes           | 3 4 5 |  5.2
Fighting       | 4 |  4.5
Dodging        | |  0.8

Action                   |  1- 3 |  4- 6 || total
-------------------------+-------+-------++-------
Melee: War axe           |    93 |    64 ||   157
       Headbutt          |     8 |     9 ||    17
  Use: Scroll            |     5 |       ||     5
Armor: Plate armour      |    70 |    50 ||   120
Dodge: Dodged            |    29 |    25 ||    54
Block: Buckler           |    27 |    13 ||    40
